| TOP OF THE 1ST |
|
Erie SeaWolves batting - Pitching for Arkansas Travelers : RHP Bartholomeu Voivodic
|
|
Pitching: RHP Bartholomeu Voivodic
|
|
|
Batting: RHB Janne Vihko
|
0-0: Ball 1-0: SINGLE (Groundball, 6MD, EV 96.9 MPH)
|
|
Batting: RHB Brandon O'Malley
|
0-0: Ball Janne Vihko steals 2nd, throwing error, E2 Janne Vihko to third 1-0: Ball 2-0: Swinging Strike 2-1: Ball 3-1: Foul Ball, location: 2F 3-2: SINGLE (Line Drive, 8RS, EV 95.6 MPH) Janne Vihko scores
|
|
Batting: SHB Willie Medina
|
0-0: Ball 1-0: Grounds into double play, 6-4-3 (Groundball, 6, EV 86.9 MPH)
|
|
Batting: RHB Benny O'Connor
|
0-0: Called Strike 0-1: Called Strike 0-2: Ball 1-2: Ball 2-2: Ground out U3 (Groundball, 3, EV 84.4 MPH)
|
| Top of the 1st over - 1 run, 2 hits, 1 error, 0 left on base; Erie 1 - Arkansas 0 |
| BOTTOM OF THE 1ST |
|
Arkansas Travelers batting - Pitching for Erie SeaWolves : RHP Jorge Castaneda
|
|
Pitching: RHP Jorge Castaneda
|
|
|
Batting: RHB Nick Lombardo
|
0-0: Ball 1-0: Called Strike 1-1: Ball 2-1: Ball 3-1: Fly out, F9 (Flyball, 9, EV 94.4 MPH)
|
|
Batting: RHB Ryan Pelletier
|
0-0: Ground out 1-3 (Groundball, 34S, EV 70.0 MPH)
|
|
Batting: RHB Kyler Seitz
|
0-0: Called Strike 0-1: SINGLE (Groundball, 34D, EV 111.2 MPH)
|
|
Batting: RHB Juan Montez
|
0-0: SINGLE (Line Drive, 3D, EV 98.8 MPH) Kyler Seitz to second
|
|
Batting: LHB Mutsuo IIda
|
0-0: Ball 1-0: Called Strike 1-1: Swinging Strike 1-2: Fly out, F5 (Popup, 5SF, EV 75.0 MPH)
|
| Bottom of the 1st over - 0 runs, 2 hits, 0 errors, 2 left on base; Erie 1 - Arkansas 0 |
| TOP OF THE 2ND |
|
Erie SeaWolves batting - Pitching for Arkansas Travelers : RHP Bartholomeu Voivodic
|
|
Batting: RHB Joel Miller
|
0-0: Ball 1-0: Ball 2-0: Ball 3-0: Called Strike 3-1: Base on Balls
|
|
Batting: RHB Norm Wood
|
0-0: Called Strike 0-1: SINGLE (Line Drive, 9S, EV 87.5 MPH) Joel Miller to second Runner from 2nd tries for 3rd, SAFE, throw by RF made to third
|
|
Batting: LHB Afanasy Zasekin
|
0-0: Called Strike 0-1: Called Strike 0-2: Strikes out swinging
|
|
Batting: RHB J.J. Basil
|
0-0: Called Strike 0-1: Fielders Choice at 2nd, 1-6 (Groundball, 13S, EV 69.4 MPH)
|
|
Batting: LHB Nick Nino
|
0-0: Foul Ball, location: 2F 0-1: Foul Ball, location: 2F 0-2: Foul Ball, location: 2F 0-2: Ball 1-2: Ball 2-2: SINGLE (Groundball, 34D, EV 101.9 MPH) Joel Miller scores J.J. Basil to second Runner from 2nd tries for 3rd, SAFE, throw by RF made to third
|
|
Batting: RHB Janne Vihko
|
0-0: Called Strike 0-1: Ball 1-1: Called Strike 1-2: Ball 2-2: Foul Ball, location: 2F 2-2: SINGLE (Line Drive, 78S, EV 109.4 MPH) J.J. Basil scores Nick Nino to second
|
|
Batting: RHB Brandon O'Malley
|
0-0: Ball 1-0: Ground out 6-3 (Groundball, 6MS, EV 80.6 MPH)
|
| Top of the 2nd over - 2 runs, 3 hits, 0 errors, 2 left on base; Erie 3 - Arkansas 0 |
| BOTTOM OF THE 2ND |
|
Arkansas Travelers batting - Pitching for Erie SeaWolves : RHP Jorge Castaneda
|
|
Batting: RHB Kinya Nishimura
|
0-0: Ball 1-0: Ball 2-0: Called Strike 2-1: Foul Ball, location: 2F 2-2: Fly out, F3 (Popup, 23F, EV 87.5 MPH)
|
|
Batting: RHB T.J. Gray
|
0-0: Ground out 4-3 (Groundball, 4S, EV 80.6 MPH)
|
|
Batting: RHB Danny Bjarnson
|
0-0: Called Strike 0-1: Called Strike 0-2: Ball 1-2: Strikes out swinging
|
| Bottom of the 2nd over - 0 runs, 0 hits, 0 errors, 0 left on base; Erie 3 - Arkansas 0 |
| TOP OF THE 3RD |
|
Erie SeaWolves batting - Pitching for Arkansas Travelers : RHP Bartholomeu Voivodic
|
|
Batting: SHB Willie Medina
|
0-0: Called Strike 0-1: Ball 1-1: Ball 2-1: Ball 3-1: Base on Balls
|
|
Batting: RHB Benny O'Connor
|
0-0: Ball Willie Medina steals 2nd base 1-0: Ball 2-0: Ball 3-0: Base on Balls
|
|
Batting: RHB Joel Miller
|
0-0: Called Strike 0-1: Fly out, F9 (Flyball, 89S, EV 89.4 MPH)
|
|
Batting: RHB Norm Wood
|
0-0: Called Strike 0-1: Ball 1-1: Foul Ball, location: 2F 1-2: Grounds into double play, 4-6-3 (Groundball, 4, EV 83.8 MPH)
|
| Top of the 3rd over - 0 runs, 0 hits, 0 errors, 1 left on base; Erie 3 - Arkansas 0 |
| BOTTOM OF THE 3RD |
|
Arkansas Travelers batting - Pitching for Erie SeaWolves : RHP Jorge Castaneda
|
|
Batting: RHB Davey Verhoog
|
0-0: Called Strike 0-1: Ball 1-1: Ball 2-1: Ball 3-1: Base on Balls
|
|
Batting: RHB Nick Lombardo
|
0-0: Called Strike Davey Verhoog steals 2nd base 0-1: Ball 1-1: Foul Ball, location: 2F 1-2: Strikes out swinging
|
|
Batting: RHB Ryan Pelletier
|
0-0: Called Strike 0-1: Ball 1-1: Foul Ball, location: 2F 1-2: Foul Ball, location: 2F 1-2: Strikes out looking
|
|
Batting: RHB Kyler Seitz
|
0-0: Called Strike 0-1: Called Strike 0-2: Foul Ball, location: 2F 0-2: Ball 1-2: Foul Ball, location: 2F 1-2: Strikes out looking
|
| Bottom of the 3rd over - 0 runs, 0 hits, 0 errors, 1 left on base; Erie 3 - Arkansas 0 |
| TOP OF THE 4TH |
|
Erie SeaWolves batting - Pitching for Arkansas Travelers : RHP Bartholomeu Voivodic
|
|
Batting: LHB Afanasy Zasekin
|
0-0: Called Strike 0-1: Ground out U3 (Groundball, 34S, EV 85.0 MPH)
|
|
Batting: RHB J.J. Basil
|
0-0: Ball 1-0: Swinging Strike 1-1: Foul Ball, location: 2F 1-2: Ground out 4-3 (Groundball, 4M, EV 85.6 MPH)
|
|
Batting: LHB Nick Nino
|
0-0: Swinging Strike 0-1: Ground out U3 (Groundball, 3S, EV 76.2 MPH)
|
| Top of the 4th over - 0 runs, 0 hits, 0 errors, 0 left on base; Erie 3 - Arkansas 0 |
| BOTTOM OF THE 4TH |
|
Arkansas Travelers batting - Pitching for Erie SeaWolves : RHP Jorge Castaneda
|
|
Batting: RHB Juan Montez
|
0-0: Ball 1-0: Swinging Strike 1-1: Swinging Strike 1-2: Foul Ball, location: 2F 1-2: Ball 2-2: SINGLE (Line Drive, 6M, EV 99.4 MPH)
|
|
Batting: LHB Mutsuo IIda
|
0-0: Called Strike 0-1: Ball Juan Montez steals 2nd base 1-1: Called Strike 1-2: Foul Ball, location: 2F 1-2: Fly out, F8 (Flyball, 8LS, EV 85.0 MPH)
|
|
Batting: RHB Kinya Nishimura
|
0-0: Called Strike 0-1: Ground out 2-3 (Groundball, 2R, EV 67.5 MPH) Juan Montez to third
|
|
Batting: RHB T.J. Gray
|
0-0: Ground out 5-3 (Groundball, 5, EV 82.5 MPH)
|
| Bottom of the 4th over - 0 runs, 1 hit, 0 errors, 1 left on base; Erie 3 - Arkansas 0 |
| TOP OF THE 5TH |
|
Erie SeaWolves batting - Pitching for Arkansas Travelers : RHP Bartholomeu Voivodic
|
|
Batting: RHB Janne Vihko
|
0-0: Called Strike 0-1: Ball 1-1: Fly out, F7 (Flyball, 78S, EV 92.5 MPH)
|
|
Batting: RHB Brandon O'Malley
|
0-0: Called Strike 0-1: Ball 1-1: Ball 2-1: Ground out 4-3 (Groundball, 4M, EV 90.6 MPH)
|
|
Batting: SHB Willie Medina
|
0-0: Ball 1-0: Ball 2-0: Called Strike 2-1: Swinging Strike 2-2: Strikes out swinging
|
| Top of the 5th over - 0 runs, 0 hits, 0 errors, 0 left on base; Erie 3 - Arkansas 0 |
| BOTTOM OF THE 5TH |
|
Arkansas Travelers batting - Pitching for Erie SeaWolves : RHP Jorge Castaneda
|
|
Batting: RHB Danny Bjarnson
|
0-0: Called Strike 0-1: Fly out, F8 (Flyball, 8LM, EV 78.8 MPH)
|
|
Batting: RHB Davey Verhoog
|
0-0: Ball 1-0: Called Strike 1-1: Ball 2-1: Ground out 5-3 (Groundball, 5S, EV 88.8 MPH)
|
|
Batting: RHB Nick Lombardo
|
0-0: Ball 1-0: Called Strike 1-1: Foul Ball, location: 2F 1-2: SINGLE (Groundball, 23, EV 71.2 MPH) (infield hit)
|
|
Batting: RHB Ryan Pelletier
|
0-0: Ball 1-0: Ball 2-0: Ball Nick Lombardo steals 2nd base 3-0: Ground out 5-3 (Groundball, 56, EV 104.4 MPH)
|
| Bottom of the 5th over - 0 runs, 1 hit, 0 errors, 1 left on base; Erie 3 - Arkansas 0 |
| TOP OF THE 6TH |
|
Erie SeaWolves batting - Pitching for Arkansas Travelers : RHP Bartholomeu Voivodic
|
|
Batting: RHB Benny O'Connor
|
0-0: Ball 1-0: Foul Ball, location: 2F 1-1: Swinging Strike 1-2: Strikes out swinging
|
|
Pitching: LHP Steve McClain
|
|
|
Batting: RHB Joel Miller
|
0-0: Ball 1-0: Ball 2-0: Fly out, F8 (Flyball, 78M, EV 94.4 MPH)
|
|
Batting: RHB Norm Wood
|
0-0: Ball 1-0: Foul Ball, location: 2F 1-1: Ball 2-1: Ground out 5-3 (Groundball, 5, EV 89.4 MPH)
|
| Top of the 6th over - 0 runs, 0 hits, 0 errors, 0 left on base; Erie 3 - Arkansas 0 |
| BOTTOM OF THE 6TH |
|
Arkansas Travelers batting - Pitching for Erie SeaWolves : RHP Jorge Castaneda
|
|
Batting: RHB Kyler Seitz
|
0-0: Called Strike 0-1: Ball 1-1: Ball 2-1: Swinging Strike 2-2: DOUBLE (Groundball, 5L, EV 105.6 MPH)
|
|
Batting: RHB Juan Montez
|
0-0: SINGLE (Line Drive, 4M, EV 94.4 MPH) Kyler Seitz to third
|
|
Batting: LHB Mutsuo IIda
|
0-0: 3-RUN HOME RUN (Flyball, 7D, EV 99.4 MPH), Distance : 372 ft
|
|
Batting: RHB Kinya Nishimura
|
0-0: Ball 1-0: Called Strike 1-1: Foul Ball, location: 2F 1-2: Ball 2-2: Strikes out swinging
|
|
Batting: RHB T.J. Gray
|
0-0: Foul Ball, location: 2F 0-1: Swinging Strike 0-2: Ball 1-2: Fly out, F7 (Line Drive, 78M, EV 95.6 MPH)
|
|
Batting: RHB Danny Bjarnson
|
0-0: Called Strike 0-1: Swinging Strike 0-2: Ball 1-2: Ball 2-2: Ball 3-2: Ground out 4-3 (Groundball, 4S, EV 62.5 MPH)
|
| Bottom of the 6th over - 3 runs, 3 hits, 0 errors, 0 left on base; Erie 3 - Arkansas 3 |
| TOP OF THE 7TH |
|
Erie SeaWolves batting - Pitching for Arkansas Travelers : LHP Steve McClain
|
|
Batting: LHB Afanasy Zasekin
|
0-0: Ball 1-0: Foul Ball, location: 2F 1-1: Ball 2-1: Called Strike 2-2: DOUBLE (Line Drive, 9LS, EV 90.0 MPH)
|
|
Batting: RHB J.J. Basil
|
0-0: Called Strike 0-1: Foul Ball, location: 2F 0-2: Ball 1-2: Strikes out swinging
|
|
Batting: LHB Nick Nino
|
0-0: Called Strike 0-1: Ball 1-1: Ball 2-1: Foul Ball, location: 2F 2-2: Foul Ball, location: 2F 2-2: Strikes out swinging
|
|
Batting: RHB Janne Vihko
|
0-0: Ball 1-0: Called Strike 1-1: Ball 2-1: SINGLE (Groundball, 6MD, EV 103.8 MPH) (infield hit) Afanasy Zasekin to third
|
|
Batting: RHB Brandon O'Malley
|
0-0: Ball 1-0: Ball 2-0: Foul Ball, location: 2F 2-1: Foul Ball, location: 2F 2-2: Ball 3-2: Base on Balls Janne Vihko to second
|
|
Batting: SHB Willie Medina
|
0-0: Ball 1-0: Ball 2-0: Foul Ball, location: 2F 2-1: Ball 3-1: Fielders Choice at 2nd, 6-4 (Groundball, 6, EV 86.9 MPH)
|
| Top of the 7th over - 0 runs, 2 hits, 0 errors, 3 left on base; Erie 3 - Arkansas 3 |
| BOTTOM OF THE 7TH |
|
Arkansas Travelers batting - Pitching for Erie SeaWolves : RHP Jorge Castaneda
|
|
Batting: RHB Davey Verhoog
|
0-0: Ball 1-0: Foul Ball, location: 2F 1-1: Foul Ball, location: 2F 1-2: Ball 2-2: Ball 3-2: Foul Ball, location: 2F 3-2: Strikes out looking
|
|
Pitching: RHP Dale Gilbert
|
|
|
Batting: RHB Nick Lombardo
|
0-0: Ball 1-0: SINGLE (Flyball, 56D, EV 96.2 MPH)
|
|
Batting: RHB Ryan Pelletier
|
0-0: Ball Nick Lombardo steals 2nd base (no throw) 1-0: Called Strike 1-1: Ball 2-1: Foul Ball, location: 2F 2-2: Fly out, F8 (Flyball, 8RS, EV 89.4 MPH)
|
|
Batting: RHB Kyler Seitz
|
0-0: Called Strike 0-1: Ball 1-1: Ground out U3 (Groundball, 34, EV 90.6 MPH)
|
| Bottom of the 7th over - 0 runs, 1 hit, 0 errors, 1 left on base; Erie 3 - Arkansas 3 |
| TOP OF THE 8TH |
|
Erie SeaWolves batting - Pitching for Arkansas Travelers : LHP Steve McClain
|
|
Pitching: LHP Kyle Worford
|
|
|
Batting: RHB Benny O'Connor
|
0-0: Swinging Strike 0-1: Ball 1-1: SOLO HOME RUN (Flyball, 78XD, EV 115.0 MPH), Distance : 428 ft
|
|
Batting: RHB Joel Miller
|
0-0: Ball 1-0: Ball 2-0: SINGLE (Line Drive, 4MD, EV 96.9 MPH)
|
|
Pinch Runner at 1st Tanner Purchase:
|
|
|
Batting: RHB Norm Wood
|
0-0: Called Strike 0-1: Ball Tanner Purchase steals 2nd base 1-1: Intentional Walk
|
|
Batting: LHB Afanasy Zasekin
|
0-0: Grounds into double play, 5-4-3 (Groundball, 56, EV 86.2 MPH) Tanner Purchase to third
|
|
Batting: RHB J.J. Basil
|
0-0: Swinging Strike 0-1: Foul Ball, location: 2F 0-2: Ball 1-2: Strikes out looking
|
| Top of the 8th over - 1 run, 2 hits, 0 errors, 1 left on base; Erie 4 - Arkansas 3 |
| BOTTOM OF THE 8TH |
|
Arkansas Travelers batting - Pitching for Erie SeaWolves : RHP Dale Gilbert
|
|
Now at C: Jon Goldstein
|
|
|
Batting: RHB Juan Montez
|
0-0: Ball 1-0: Ball 2-0: Called Strike 2-1: Called Strike 2-2: Ball 3-2: Foul Ball, location: 2F 3-2: Ground out 6-3 (Groundball, 6, EV 79.4 MPH)
|
|
Batting: LHB Mutsuo IIda
|
0-0: Ball 1-0: Called Strike 1-1: Ball 2-1: Ground out 4-3 (Groundball, 4, EV 79.4 MPH)
|
|
Batting: RHB Kinya Nishimura
|
0-0: Ball 1-0: Ball 2-0: Called Strike 2-1: Foul Ball, location: 2F 2-2: Foul Ball, location: 2F 2-2: Foul Ball, location: 2F 2-2: Ground out 6-3 (Groundball, 6, EV 85.0 MPH)
|
| Bottom of the 8th over - 0 runs, 0 hits, 0 errors, 0 left on base; Erie 4 - Arkansas 3 |
| TOP OF THE 9TH |
|
Erie SeaWolves batting - Pitching for Arkansas Travelers : LHP Kyle Worford
|
|
Pitching: RHP Eddie Garabito
|
|
|
Batting: LHB Nick Nino
|
0-0: Called Strike 0-1: Ball 1-1: Hit by Pitch
|
|
Batting: RHB Janne Vihko
|
0-0: Bunted foul 0-1: Bunted foul 0-2: Fielders Choice at 2nd, 6-4 (Groundball, 56, EV 105.0 MPH)
|
|
Batting: RHB Brandon O'Malley
|
0-0: Called Strike Janne Vihko steals 2nd base 0-1: Ball 1-1: Ball 2-1: Foul Ball, location: 2F 2-2: Foul Ball, location: 2F 2-2: Strikes out swinging
|
|
Batting: SHB Willie Medina
|
0-0: Fly out, F8 (Flyball, 8LD, EV 93.1 MPH)
|
| Top of the 9th over - 0 runs, 0 hits, 0 errors, 1 left on base; Erie 4 - Arkansas 3 |
| BOTTOM OF THE 9TH |
|
Arkansas Travelers batting - Pitching for Erie SeaWolves : RHP Dale Gilbert
|
|
Pitching: RHP Kyle Moore
|
|
|
Batting: RHB T.J. Gray
|
0-0: Called Strike 0-1: Ball 1-1: Ball 2-1: Ball 3-1: Foul Ball, location: 2F 3-2: Fly out, F7 (Flyball, 78M, EV 72.5 MPH)
|
|
Batting: RHB Danny Bjarnson
|
0-0: Ball 1-0: SINGLE (Groundball, 56D, EV 104.4 MPH)
|
|
Pinch Hitting: LHB Spencer Palmer
|
0-0: Called Strike 0-1: Ball 1-1: Ground out 5-3 (Groundball, 5, EV 83.1 MPH) Danny Bjarnson to second
|
|
Batting: RHB Nick Lombardo
|
0-0: Called Strike 0-1: Ball 1-1: Swinging Strike 1-2: Strikes out swinging
|
| Bottom of the 9th over - 0 runs, 1 hit, 0 errors, 1 left on base; Erie 4 - Arkansas 3 |
|